 Dungeon Crawl Stone Soup version 0.25.0-9-g26727b657a (webtiles) character file.

Game seed: 9586895930994435681

1808 Revguard the Covert (level 9, -5/65 HPs)
             Began as a Human Assassin on June 21, 2020.
             Was an Initiate of Ashenzari.
             Slain by a sky beast (6 damage)
             ... on level 6 of the Dungeon.
             The game lasted 00:23:39 (8211 turns).

Revguard the Covert (Human Assassin)                Turns: 8211, Time: 00:23:39

Health: -5/65      AC: -6    Str: 13    XL:     9   Next: 31%
Magic:  9/9        EV: 13    Int: 14    God:    Ashenzari [......]
Gold:   335        SH:  0    Dex: 16    Spells: 8/8 levels left

rFire    . . .     SeeInvis .   a - +2 dagger (curse)
rCold    . . .     Gourm    .   (no shield)
rNeg     . . .     Faith    .   m - +0 leather armour
rPois    .         Spirit   .   (helmet restricted)
rElec    .         Reflect  .   c - +0 cloak
rCorr    .         Harm     .   q - +0 pair of gloves
MR       .....                  (no boots)
Stlth    ++++......             (no amulet)
HPRegen  0.20/turn              (no ring)
MPRegen  0.11/turn              (no ring)

@: corroded, invisible
A: antennae 1, fangs 1, clever 1
a: Curse Item, Renounce Religion


You were on level 6 of the Dungeon.
You worshipped Ashenzari.
Ashenzari was noncommittal.
You were not hungry.

You visited 1 branch of the dungeon, and saw 6 of its levels.
You also visited: Ossuary.

You collected 335 gold pieces.

Inventory:

Hand Weapons
 a - a cursed +2 dagger (weapon)
Missiles
 d - 6 poisoned darts (quivered)
Armour
 c - a +0 cloak (worn)
 m - a +0 leather armour (worn)
 q - a +0 pair of gloves (worn)
Jewellery
 b - an uncursed amulet of magic regeneration
Scrolls
 i - 3 scrolls of remove curse
 j - 2 scrolls of teleportation
 p - 3 scrolls of fear
 r - a scroll of amnesia
 s - a scroll of identify
 u - 2 scrolls of enchant weapon {unknown}
 w - 2 scrolls of blinking {unknown}
Potions
 e - 2 potions of mutation
 g - a potion of might
 h - 4 potions of flight
 k - a potion of lignification
 l - 2 potions of stabbing
 n - a potion of ambrosia
Comestibles
 f - 7 rations


   Skills:
 + Level 3.6 Fighting
 + Level 5.6 Short Blades
 + Level 5.3 Throwing
 + Level 3.4 Armour
 + Level 3.7 Dodging
 * Level 8.0 Stealth


You had 8 spell levels left.
You didn't know any spells.
Your spell library was empty.

Dungeon Overview and Level Annotations

Branches:
Dungeon (6/15)             Temple (0/1) D:4         Ossuary (visited)

Altars:
Ashenzari
Fedhas
Okawaru
Trog

Shops:
D:4 (

Annotations:
D:6 2 runed translucent doors


Innate Abilities, Weirdness & Mutations

You have a pair of small antennae on your head.
You have very sharp teeth.
Your mind is acute. (Int +2)


Message History

The sky beast flickers out of sight!
Deactivating autopickup; reactivate with Ctrl-A.
The jelly barely misses you.
You hit the jelly.
You kill the jelly!
Your Stealth skill increases to level 8!
Okay, then.
Something hits you.
* * * LOW HITPOINT WARNING * * *
Something shocks you.
* * * LOW HITPOINT WARNING * * *
Something hits you.
* * * LOW HITPOINT WARNING * * *
Something shocks you.
* * * LOW HITPOINT WARNING * * *
You fade into invisibility!
Something hits you.
* * * LOW HITPOINT WARNING * * *
Something shocks you.
You die...

.....#.....).# .
.....##.....## .##
(...##.......# ..#
.....#.......# #.#
.............###.#
......#..........#
....#..#.........#
...###..###.....{#
##.# ##.........@#
.# #####..>...#
##.### ###......#
....... #....###.#
.#### #.#(#### #.#
..... #..(..# #.#
...#......#..# #.#
[..#..#......# ...
..........####


There were no monsters in sight!

Vanquished Creatures
  Pikel (D:5)
  A water moccasin (D:4)
  2 ogres (D:5)
  2 phantoms
  A gnoll sergeant (D:5)
  2 scorpions
  A howler monkey (D:5)
  A hound (D:5)
  A jelly (D:6)
  A centaur skeleton (D:4)
  A bullfrog skeleton (D:5)
  2 orc wizards
  An iguana (D:4)
  Natasha (thrice) (D:3)
  3 worker ants
  A hound skeleton (D:5)
  12 mummies (Ossuary)
  5 gnolls (D:5)
  4 adders
  2 shadow imps (D:5)
  2 dart slugs (D:2)
  2 leopard geckos
  11 orcs
  4 ball pythons
  11 bats
  6 giant cockroaches
  5 goblins
  11 hobgoblins
  10 jackals
  2 quokkas
  6 frilled lizards
  A gnoll skeleton (Ossuary)
  3 goblin skeletons (Ossuary)
  A jackal skeleton (D:4)
  3 kobolds
  2 kobold skeletons (Ossuary)
  2 orc skeletons (Ossuary)
  9 rats
  11 rat skeletons (Ossuary)
149 creatures vanquished.

Vanquished Creatures (others)
  A wizard (D:5)
1 creature vanquished.

Grand Total: 150 creatures vanquished

Notes
Turn   | Place    | Note
-------+----------+-------------------------------------------
     0 | D:1      | Revguard the Human Assassin began the quest for the Orb.
     0 | D:1      | Reached XP level 1. HP: 16/16 MP: 1/1
   344 | D:1      | Reached XP level 2. HP: 22/22 MP: 2/2
   735 | D:1      | Reached XP level 3. HP: 14/27 MP: 3/3
  1581 | D:2      | Reached XP level 4. HP: 30/33 MP: 4/4
  1793 | D:3      | Noticed Natasha
  1801 | D:3      | Killed Natasha
  1801 | D:3      | Reached skill level 1 in Armour
  1801 | D:3      | Reached skill level 5 in Stealth
  1841 | D:3      | Found a blossoming altar of Fedhas.
  1844 | D:3      | Noticed Natasha
  1855 | D:3      | Killed Natasha
  1855 | D:3      | Reached XP level 5. HP: 24/38 MP: 5/5
  2446 | D:3      | Noticed Natasha
  2468 | D:3      | Killed Natasha
  2862 | D:3      | Reached XP level 6. HP: 46/46 MP: 6/6
  3252 | D:3      | Gained mutation: Your body sometimes deteriorates upon
                  | taking damage. [potion of mutation]
  3252 | D:3      | Gained mutation: Your body often deteriorates upon taking
                  | damage. [potion of mutation]
  3252 | D:3      | Gained mutation: Your muscles are strong. (Str +2) [potion
                  | of mutation]
  3253 | D:3      | Lost mutation: Your muscles are strong. (Str +2) [potion of
                  | mutation]
  3253 | D:3      | Lost mutation: Your body often deteriorates upon taking
                  | damage. [potion of mutation]
  3253 | D:3      | Lost mutation: Your body sometimes deteriorates upon taking
                  | damage. [potion of mutation]
  3253 | D:3      | Gained mutation: Your mind is acute. (Int +2) [potion of
                  | mutation]
  3253 | D:3      | Gained mutation: You have very sharp teeth. [potion of
                  | mutation]
  3253 | D:3      | Gained mutation: You have a pair of small antennae on your
                  | head. [potion of mutation]
  3503 | D:4      | Found Uggusaq's Antique Weapon Emporium.
  3698 | D:4      | Noticed a water moccasin
  3729 | D:4      | Killed a water moccasin
  3729 | D:4      | Reached XP level 7. HP: 7/51 MP: 7/7
  3748 | D:3      | HP: 2/51 [poisoned by a water moccasin]
  3754 | D:3      | HP: 2/51 [poisoned by a water moccasin]
  3760 | D:3      | HP: 1/51 [poisoned by a water moccasin]
  3766 | D:3      | HP: 1/51 [poisoned by a water moccasin]
  4099 | D:4      | Found a shattered altar of Ashenzari.
  4107 | D:4      | Became a worshipper of Ashenzari the Shackled
  4140 | D:4      | Reached skill level 6 in Stealth
  4248 | D:4      | Found a staircase to the Ecumenical Temple.
  4678 | D:5      | Entered Level 5 of the Dungeon
  4963 | D:5      | Found a sand-covered staircase.
  4969 | Ossuary  | Entered an ossuary
  5858 | Ossuary  | Reached XP level 8. HP: 58/58 MP: 8/8
  6407 | D:5      | Found a bloodstained altar of Trog.
  6412 | D:5      | Noticed a wizard
  6419 | D:5      | Killed a wizard
  6441 | D:5      | Reached skill level 7 in Stealth
  7357 | D:5      | Noticed Pikel
  7377 | D:5      | Killed Pikel
  7377 | D:5      | Reached skill level 5 in Short Blades
  7377 | D:5      | Reached skill level 5 in Throwing
  7377 | D:5      | Reached XP level 9. HP: 33/64 MP: 9/9
  7789 | D:6      | Found a large runed translucent door.
  7789 | D:6      | Found a large runed translucent door.
  7798 | D:6      | Found the +2 Maxwell's thermic engine {flame, freeze}
  7819 | D:6      | Found an iron altar of Okawaru.
  8194 | D:6      | Reached skill level 8 in Stealth
  8211 | D:6      | HP: 1/65 [something (4)]
  8211 | D:6      | Slain by a sky beast

Illustrated notes

Levels and vault maps discovered:
D:1:      saegor_arrival_simple_c, layout_rooms
D:2:      layout_rooms, glass_columns_a
D:3:      layout_loops_cross, fedhas_ov_isle_minmay, minmay_misc_feat_tower,
          uniq_natasha
D:4:      layout_rooms, old_standard_altar, temple_hall, first_ration,
          serial_shops, shop, minivault_27
D:5:      layout_basic, nicolae_ossuary_entry_plus, trog_wizard, uniq_pikel
D:6:      layout_rooms, kennysheep_little_box, lemuel_crystal_altar,
          serial_shops, shop, minmay_hollow_rounded_squares

Skill      XL: |  1  2  3  4  5  6  7  8  9 |
---------------+----------------------------+-----
Armour         | 1 2 3 |  3.4
Stealth        | 5 6 7 8 |  8.0
Short Blades   | 3 4 5 |  5.6
Dodging        | 2 3 |  3.7
Throwing       | 3 5 |  5.3
Fighting       | 3 |  3.6

Action                   |  1- 3 |  4- 6 |  7- 9 || total
-------------------------+-------+-------+-------++-------
Melee: Dagger            |   153 |   151 |   353 ||   657
       Bite              |       |     5 |    41 ||    46
Throw: Dart              |       |    38 |    74 ||   112
Invok: Curse Item        |       |       |     1 ||     1
  Use: Potion            |       |     9 |     7 ||    16
       Scroll            |       |     7 |     9 ||    16
 Stab: Sleeping          |     3 |     7 |    16 ||    26
  Eat: Chunk             |     2 |     7 |    11 ||    20
       Ration            |       |       |     1 ||     1
Armor: Robe              |     7 |       |       ||     7
       Leather armour    |    55 |    57 |    46 ||   158
Dodge: Dodged            |   113 |   100 |   162 ||   375
